TOP OF THE 1ST |
Pawtucket Paw Sox batting - Pitching for Lynn Sailors : RHP Donald Cline
|
Pitching: RHP Donald Cline
|
|
Batting: LHB Dave Haberle
|
0-0: Foul Ball, location: 2F 0-1: Swinging Strike 0-2: Strikes out swinging
|
Batting: RHB Robert Duran
|
0-0: Ground out 4-3 (Groundball, 4, EV 103.8 MPH)
|
Batting: LHB Jeff Stone
|
0-0: Ball 1-0: Called Strike 1-1: DOUBLE (Groundball, 3L, EV 97.5 MPH)
|
Batting: RHB Dave Malpeso
|
0-0: Ball 1-0: Ball 2-0: Called Strike 2-1: Called Strike 2-2: Strikes out swinging
|
Top of the 1st over - 0 runs, 1 hit, 0 errors, 1 left on base; Pawtucket 0 - Lynn 0 |
BOTTOM OF THE 1ST |
Lynn Sailors batting - Pitching for Pawtucket Paw Sox : RHP Curtis Coward
|
Pitching: RHP Curtis Coward
|
|
Batting: RHB Ron Wotus
|
0-0: Fly out, F3 (Popup, 34, EV 58.1 MPH)
|
Batting: RHB Jorge Hinojosa
|
0-0: Fly out, F7 (Flyball, 78D, EV 97.5 MPH)
|
Batting: RHB Mike Rubel
|
0-0: Foul Ball, location: 2F 0-1: Called Strike 0-2: Hit by Pitch
|
Batting: RHB Ken Gerhart
|
0-0: Foul Ball, location: 2F 0-1: Called Strike 0-2: Ball 1-2: Strikes out swinging
|
Bottom of the 1st over - 0 runs, 0 hits, 0 errors, 1 left on base; Pawtucket 0 - Lynn 0 |
TOP OF THE 2ND |
Pawtucket Paw Sox batting - Pitching for Lynn Sailors : RHP Donald Cline
|
Batting: RHB Brick Smith
|
0-0: Foul Ball, location: 2F 0-1: Foul Ball, location: 2F 0-2: Ball 1-2: Ball 2-2: Foul Ball, location: 2F 2-2: Ball 3-2: Foul Ball, location: 2F 3-2: Base on Balls
|
Batting: LHB David Wiggins
|
0-0: Called Strike 0-1: Ball 1-1: Ball 2-1: Ball 3-1: Fly out, F7 (Line Drive, 7D, EV 84.4 MPH)
|
Batting: SHB Gary Weiss
|
0-0: Ball 1-0: Fly out, F8 (Flyball, 8LD, EV 100.6 MPH)
|
Batting: RHB Gary Hargis
|
0-0: SINGLE (Line Drive, 6M, EV 96.3 MPH) Brick Smith to second Runner from 2nd tries for 3rd, OUT! 8-5
|
Top of the 2nd over - 0 runs, 1 hit, 0 errors, 1 left on base; Pawtucket 0 - Lynn 0 |
BOTTOM OF THE 2ND |
Lynn Sailors batting - Pitching for Pawtucket Paw Sox : RHP Curtis Coward
|
Batting: RHB Mike Reddish
|
0-0: Called Strike 0-1: Called Strike 0-2: Ground out 1-3 (Groundball, 13, EV 62.5 MPH)
|
Batting: LHB Tony Merulla
|
0-0: Called Strike 0-1: Ball 1-1: Fly out, F7 (Flyball, 78D, EV 106.3 MPH)
|
Batting: RHB Vinny Jaramillo
|
0-0: Ball 1-0: Foul Ball, location: 2F 1-1: Fly out, F9 (Flyball, 89D, EV 75.6 MPH)
|
Bottom of the 2nd over - 0 runs, 0 hits, 0 errors, 0 left on base; Pawtucket 0 - Lynn 0 |
TOP OF THE 3RD |
Pawtucket Paw Sox batting - Pitching for Lynn Sailors : RHP Donald Cline
|
Batting: RHB Ted Cox
|
0-0: Called Strike 0-1: Ball 1-1: Foul Ball, location: 2F 1-2: Fly out, F4 (Line Drive, 4, EV 65.0 MPH)
|
Batting: LHB Dave Haberle
|
0-0: Swinging Strike 0-1: Called Strike 0-2: Ball 1-2: Ball 2-2: Strikes out swinging
|
Batting: RHB Robert Duran
|
0-0: Ball 1-0: Swinging Strike 1-1: Ball 2-1: Ball 3-1: Base on Balls
|
Batting: LHB Jeff Stone
|
0-0: Fly out, F7 (Flyball, 78D, EV 90.0 MPH)
|
Top of the 3rd over - 0 runs, 0 hits, 0 errors, 1 left on base; Pawtucket 0 - Lynn 0 |
BOTTOM OF THE 3RD |
Lynn Sailors batting - Pitching for Pawtucket Paw Sox : RHP Curtis Coward
|
Batting: SHB Danny Gans
|
0-0: Ball 1-0: Foul Ball, location: 2F 1-1: Swinging Strike 1-2: Strikes out swinging
|
Batting: RHB Ezequiel Carrasco
|
0-0: Foul Ball, location: 2F 0-1: Ball 1-1: Ball 2-1: Ball 3-1: Base on Balls
|
Batting: RHB Ron Wotus
|
0-0: Called Strike 0-1: Grounds into double play, 5-4-3 (Groundball, 56S, EV 86.9 MPH)
|
Bottom of the 3rd over - 0 runs, 0 hits, 0 errors, 0 left on base; Pawtucket 0 - Lynn 0 |
TOP OF THE 4TH |
Pawtucket Paw Sox batting - Pitching for Lynn Sailors : RHP Donald Cline
|
Batting: RHB Dave Malpeso
|
0-0: Called Strike 0-1: Ball 1-1: Ball 2-1: Foul Ball, location: 2F 2-2: Ball 3-2: SINGLE (Groundball, 56D, EV 103.8 MPH)
|
Batting: RHB Brick Smith
|
0-0: Called Strike 0-1: Called Strike 0-2: Ball 1-2: Foul Ball, location: 2F 1-2: Ball 2-2: Ball 3-2: Foul Ball, location: 2F 3-2: Foul Ball, location: 2F 3-2: Foul Ball, location: 2F 3-2: 2-RUN HOME RUN (Flyball, 7D, EV 108.1 MPH), Distance : 389 ft
|
Batting: LHB David Wiggins
|
0-0: Called Strike 0-1: DOUBLE (Line Drive, 78XD, EV 97.5 MPH)
|
Batting: SHB Gary Weiss
|
0-0: Ball 1-0: Ball 2-0: Fly out, F7 (Line Drive, 7D, EV 111.9 MPH) Runner from 2nd tags up, SAFE at 3rd, no throw by LF
|
Batting: RHB Gary Hargis
|
0-0: Called Strike 0-1: Ball 1-1: Ball 2-1: Fly out, F8 (Flyball, 8RS, EV 90.6 MPH)
|
Batting: RHB Ted Cox
|
0-0: Swinging Strike 0-1: Foul Ball, location: 2F 0-2: Ball 1-2: Strikes out swinging
|
Top of the 4th over - 2 runs, 3 hits, 0 errors, 1 left on base; Pawtucket 2 - Lynn 0 |
BOTTOM OF THE 4TH |
Lynn Sailors batting - Pitching for Pawtucket Paw Sox : RHP Curtis Coward
|
Batting: RHB Jorge Hinojosa
|
0-0: Ball 1-0: Ball 2-0: Ball 3-0: Base on Balls
|
Batting: RHB Mike Rubel
|
0-0: Ball 1-0: Foul Ball, location: 2F 1-1: Called Strike 1-2: Foul Ball, location: 2F 1-2: SINGLE (Groundball, 56D, EV 105.0 MPH) Jorge Hinojosa to second
|
Batting: RHB Ken Gerhart
|
0-0: Ball 1-0: Foul Ball, location: 2F 1-1: SINGLE (Line Drive, 7S, EV 101.9 MPH) Jorge Hinojosa to third Mike Rubel to second Runner from 3rd tries for Home, SAFE, throw by LF to home
|
Batting: RHB Mike Reddish
|
0-0: Ball 1-0: Fly out, F8 (Line Drive, 8RD, EV 101.3 MPH)
|
Batting: LHB Tony Merulla
|
0-0: Ball 1-0: Fly out, F8 (Flyball, 8LM, EV 91.9 MPH)
|
Batting: RHB Vinny Jaramillo
|
0-0: Swinging Strike 0-1: Foul Ball, location: 2F 0-2: Strikes out looking
|
Bottom of the 4th over - 1 run, 2 hits, 0 errors, 2 left on base; Pawtucket 2 - Lynn 1 |
TOP OF THE 5TH |
Pawtucket Paw Sox batting - Pitching for Lynn Sailors : RHP Donald Cline
|
Batting: LHB Dave Haberle
|
0-0: Ball 1-0: Foul Ball, location: 2F 1-1: Called Strike 1-2: Strikes out looking
|
Batting: RHB Robert Duran
|
0-0: Ball 1-0: Foul Ball, location: 2F 1-1: Called Strike 1-2: Foul Ball, location: 2F 1-2: SINGLE (Groundball, 6D, EV 95.0 MPH)
|
Batting: LHB Jeff Stone
|
0-0: Foul Ball, location: 2F 0-1: Fly out, F8 (Flyball, 8LM, EV 88.1 MPH)
|
Batting: RHB Dave Malpeso
|
0-0: Ball Robert Duran steals 2nd, throwing error, E2 Robert Duran to third 1-0: Swinging Strike 1-1: Ground out 5-3 (Groundball, 56S, EV 73.8 MPH)
|
Top of the 5th over - 0 runs, 1 hit, 1 error, 1 left on base; Pawtucket 2 - Lynn 1 |
BOTTOM OF THE 5TH |
Lynn Sailors batting - Pitching for Pawtucket Paw Sox : RHP Curtis Coward
|
Batting: SHB Danny Gans
|
0-0: Swinging Strike 0-1: Fly out, F7 (Flyball, 7LM, EV 91.3 MPH)
|
Batting: RHB Ezequiel Carrasco
|
0-0: Called Strike 0-1: Swinging Strike 0-2: Ball 1-2: Ball 2-2: Ball 3-2: Foul Ball, location: 2F 3-2: Foul Ball, location: 2F 3-2: Base on Balls
|
Batting: RHB Ron Wotus
|
0-0: Ball 1-0: Ball 2-0: Swinging Strike 2-1: Fly out, F9 (Flyball, 9S, EV 88.8 MPH)
|
Batting: RHB Jorge Hinojosa
|
0-0: 2-RUN HOME RUN (Flyball, 7D, EV 96.9 MPH), Distance : 371 ft
|
Batting: RHB Mike Rubel
|
0-0: Called Strike 0-1: Ball 1-1: Called Strike 1-2: Foul Ball, location: 2F 1-2: Strikes out swinging
|
Bottom of the 5th over - 2 runs, 1 hit, 0 errors, 0 left on base; Pawtucket 2 - Lynn 3 |
TOP OF THE 6TH |
Pawtucket Paw Sox batting - Pitching for Lynn Sailors : RHP Donald Cline
|
Batting: RHB Brick Smith
|
0-0: Foul Ball, location: 2F 0-1: Called Strike 0-2: Foul Ball, location: 2F 0-2: Ground out 6-3 (Groundball, 6, EV 103.1 MPH)
|
Batting: LHB David Wiggins
|
0-0: Ball 1-0: Ball 2-0: Fly out, F3 (Popup, 3F, EV 64.4 MPH)
|
Batting: SHB Gary Weiss
|
0-0: Foul Ball, location: 2F 0-1: Called Strike 0-2: Foul Ball, location: 2F 0-2: Ball 1-2: Strikes out swinging
|
Top of the 6th over - 0 runs, 0 hits, 0 errors, 0 left on base; Pawtucket 2 - Lynn 3 |
BOTTOM OF THE 6TH |
Lynn Sailors batting - Pitching for Pawtucket Paw Sox : RHP Curtis Coward
|
Batting: RHB Ken Gerhart
|
0-0: Ball 1-0: Ball 2-0: Ball 3-0: Base on Balls
|
Batting: RHB Mike Reddish
|
0-0: Foul Ball, location: 2F 0-1: Ball 1-1: Ball 2-1: Grounds into double play, 4-6-3 (Groundball, 4, EV 105.6 MPH)
|
Batting: LHB Tony Merulla
|
0-0: Swinging Strike 0-1: Ball 1-1: Ball 2-1: Ground out 4-3 (Groundball, 4, EV 99.4 MPH)
|
Bottom of the 6th over - 0 runs, 0 hits, 0 errors, 0 left on base; Pawtucket 2 - Lynn 3 |
TOP OF THE 7TH |
Pawtucket Paw Sox batting - Pitching for Lynn Sailors : RHP Donald Cline
|
Batting: RHB Gary Hargis
|
0-0: Called Strike 0-1: Ball 1-1: Foul Ball, location: 2F 1-2: Ball 2-2: Strikes out looking
|
Batting: RHB Ted Cox
|
0-0: Ball 1-0: Foul Ball, location: 2F 1-1: Swinging Strike 1-2: Strikes out looking
|
Batting: LHB Dave Haberle
|
0-0: Ball 1-0: Foul Ball, location: 2F 1-1: Foul Ball, location: 2F 1-2: Ball 2-2: Ground out U3 (Groundball, 3, EV 86.9 MPH)
|
Top of the 7th over - 0 runs, 0 hits, 0 errors, 0 left on base; Pawtucket 2 - Lynn 3 |
BOTTOM OF THE 7TH |
Lynn Sailors batting - Pitching for Pawtucket Paw Sox : RHP Curtis Coward
|
Batting: RHB Vinny Jaramillo
|
0-0: Ball 1-0: Ball 2-0: Ball 3-0: Base on Balls
|
Batting: SHB Danny Gans
|
0-0: Bunted foul 0-1: Reached on error, E2 (Groundball, 2R, EV 43.8 MPH) Vinny Jaramillo to third
|
Batting: RHB Ezequiel Carrasco
|
0-0: Called Strike 0-1: Ball 1-1: Ball 2-1: SINGLE (Groundball, 4MD, EV 105.6 MPH) Vinny Jaramillo scores Danny Gans to third
|
Batting: RHB Ron Wotus
|
0-0: TRIPLE (Flyball, 9LD, EV 88.8 MPH) Danny Gans scores Ezequiel Carrasco scores
|
Pitching: RHP Sam Bryan
|
|
Batting: RHB Jorge Hinojosa
|
0-0: Fly out, F8 (Flyball, 8RM, EV 92.5 MPH) Runner from 3rd tags up, SCORES, throw by CF
|
Batting: RHB Mike Rubel
|
0-0: Ball 1-0: Ball 2-0: Ball 3-0: Base on Balls
|
Batting: RHB Ken Gerhart
|
0-0: SINGLE (Groundball, 6M, EV 84.4 MPH) (infield hit) Mike Rubel to second
|
Batting: RHB Mike Reddish
|
0-0: Swinging Strike 0-1: Called Strike 0-2: Ball 1-2: Fly out, F9 (Flyball, 9LM, EV 91.3 MPH)
|
Batting: LHB Tony Merulla
|
0-0: Ball 1-0: Called Strike 1-1: Foul Ball, location: 2F 1-2: Foul Ball, location: 2F 1-2: Ball 2-2: Ball 3-2: Strikes out swinging
|
Bottom of the 7th over - 4 runs, 3 hits, 1 error, 2 left on base; Pawtucket 2 - Lynn 7 |
TOP OF THE 8TH |
Pawtucket Paw Sox batting - Pitching for Lynn Sailors : RHP Donald Cline
|
Pitching: RHP Roberto Yan
|
|
Batting: RHB Robert Duran
|
0-0: Ball 1-0: Foul Ball, location: 2F 1-1: Ball 2-1: Foul Ball, location: 2F 2-2: Foul Ball, location: 2F 2-2: Foul Ball, location: 2F 2-2: Ground out 6-3 (Groundball, 6, EV 89.4 MPH)
|
Batting: LHB Jeff Stone
|
0-0: Ground out 6-3 (Groundball, 6, EV 82.5 MPH)
|
Batting: RHB Dave Malpeso
|
0-0: Called Strike 0-1: Called Strike 0-2: Ball 1-2: Foul Ball, location: 2F 1-2: Fly out, F9 (Flyball, 9D, EV 98.8 MPH)
|
Top of the 8th over - 0 runs, 0 hits, 0 errors, 0 left on base; Pawtucket 2 - Lynn 7 |
BOTTOM OF THE 8TH |
Lynn Sailors batting - Pitching for Pawtucket Paw Sox : RHP Sam Bryan
|
Batting: RHB Vinny Jaramillo
|
0-0: Foul Ball, location: 2F 0-1: Ball 1-1: Foul Ball, location: 2F 1-2: Ground out U3 (Groundball, 3, EV 89.4 MPH)
|
Batting: SHB Danny Gans
|
0-0: Called Strike 0-1: Ground out 4-3 (Groundball, 4, EV 76.9 MPH)
|
Batting: RHB Ezequiel Carrasco
|
0-0: Ball 1-0: Ground out 5-3 (Groundball, 56S, EV 63.1 MPH)
|
Bottom of the 8th over - 0 runs, 0 hits, 0 errors, 0 left on base; Pawtucket 2 - Lynn 7 |
TOP OF THE 9TH |
Pawtucket Paw Sox batting - Pitching for Lynn Sailors : RHP Roberto Yan
|
Pitching: RHP Mike Walters
|
|
Batting: RHB Brick Smith
|
0-0: Ball 1-0: Called Strike 1-1: Ball 2-1: Ball 3-1: DOUBLE (Flyball, 89XD, EV 117.5 MPH)
|
Batting: LHB David Wiggins
|
0-0: Ball 1-0: Foul Ball, location: 2F 1-1: Ball 2-1: Called Strike 2-2: SINGLE (Groundball, 4MD, EV 97.5 MPH) Brick Smith to third
|
Batting: SHB Gary Weiss
|
0-0: Called Strike 0-1: Foul Ball, location: 2F 0-2: Strikes out looking
|
Batting: RHB Gary Hargis
|
0-0: Ball 1-0: Ball 2-0: Ball 3-0: SINGLE (Line Drive, 6D, EV 108.8 MPH) Brick Smith scores David Wiggins to second
|
Batting: RHB Ted Cox
|
0-0: Ball 1-0: Ball 2-0: Called Strike 2-1: Swinging Strike 2-2: Foul Ball, location: 2F 2-2: Ball 3-2: Grounds into double play, 4-6-3 (Groundball, 4, EV 89.4 MPH)
|
Top of the 9th over - 1 run, 3 hits, 0 errors, 1 left on base; Pawtucket 3 - Lynn 7 |
|